Map: Terrasses de Prion

Players

Aeilmoor - Winner!

  • Race: Terran Terran
  • League: Silver

pupu

  • Race: Protoss Protoss
  • League: Silver

VOD

Have the link to the VOD?

Description

Time

  • Played on: April 3, 2016, 3:20 p.m.
  • Length: 11:44
Show
View Real Time Build Order
Export as new Build Order

Aeilmoor Terran - Winner!

Build Orders: MMM Bio 

Get SALT Encoding   

  12  0:00  SCV  
  13  0:12  SCV  
  14  0:20  Supply Depot  
  14  0:24  SCV  
  15  0:41  SCV  
  15  0:42  Barracks  
  16  0:48  Refinery  
  16  0:53  SCV  
  17  1:05  Refinery, SCV  
  18  1:18  SCV  
  19  1:30  Reaper, SCV  
  21  1:42  SCV  
  22  1:48  Command Center  
  22  1:57  Supply Depot  
  23  2:09  Orbital Command  
  22  2:21  Factory  
  22  2:33  Barracks Reactor  
  22  2:54  SCV  
  23  3:06  SCV  
  25  3:12  SCV  
  25  3:18  SCV  
  26  3:24  Marine  
  26  3:25  Starport, SCV  
  26  3:26  Hellion  
  26  3:27  Hellion  
  32  3:30  SCV  
  33  3:37  SCV  
  34  3:42  Marine, SCV  
  34  3:46  Widow Mine  
  37  3:49  SCV  
  37  3:55  SCV  
  39  4:00  Marine  
  39  4:01  SCV  
  41  4:03  Supply Depot x2  
  41  4:07  Viking, SCV  
  44  4:13  SCV  
  45  4:18  Marine  
  46  4:24  SCV  
  46  4:25  Hellion x2  
  46  4:26  Supply Depot  
  46  4:27  SCV  
  52  4:37  SCV  
  54  4:42  Engineering Bay  
  54  4:46  Starport Reactor, Barracks  
  54  4:48  Barracks Tech Lab  
  54  4:49  Hellion x2  
  54  4:50  Supply Depot  
  57  4:54  SCV  
  57  4:57  Supply Depot  
  57  4:58  Orbital Command  
  58  5:06  SCV  
  61  5:16  Missile Turret  
  61  5:18  SCV  
  62  5:21  Barracks  
  62  5:27  Medivac x2  
  67  5:30  SCV  
  65  5:39  SCV  
  65  5:42  Supply Depot, Barracks Reactor  
  66  5:44  Barracks  
  66  5:48  Siege Tank  
  69  5:50  Command Center  
  69  5:51  SCV, Missile Turret  
  70  5:58  Supply Depot  
  70  6:00  Bunker  
  70  6:02  SCV  
  71  6:13  Barracks Tech Lab  
  71  6:17  Supply Depot  
  71  6:18  Medivac x2  
  73  6:19  SCV  
  73  6:20  Siege Tank  
  73  6:22  Supply Depot  
  79  6:28  Marine x2  
  79  6:29  Marine x2  
  79  6:30  Marine  
  79  6:31  Marauder  
  86  6:35  SCV  
  87  6:40  SCV  
  87  6:43  Refinery  
  87  6:44  Stimpack  
  87  6:46  Marine x4  
  91  6:48  Marine, Medivac  
  91  6:52  Terran Infantry Weapons Level 1, Supply Depot, Marine  
  96  6:58  Engineering Bay  
  96  6:59  Armory  
  96  7:02  SCV  
  96  7:04  Marine x3  
  96  7:06  Supply Depot  
  100  7:09  Orbital Command  
  100  7:10  Marauder  
  100  7:14  SCV  
  103  7:19  Siege Tank  
  105  7:32  Marauder, Marine x2  
  105  7:33  Marine  
  105  7:34  Medivac  
  105  7:35  Marine  
  112  7:49  Marine  
  112  7:50  Marine  
  113  7:53  Marauder  
  110  7:59  Marine  
  110  8:00  SCV  
  110  8:01  SCV  
  111  8:11  Orbital Command  
  111  8:15  Marauder  
  111  8:16  Marine  
  111  8:17  Marine  
  111  8:19  Barracks, Medivac x2  
  119  8:20  Marine  
  119  8:21  Marine  
  119  8:23  Barracks Tech Lab  
  121  8:29  Supply Depot  
  121  8:31  SCV  
  121  8:33  SCV  
  123  8:34  Marine  
  123  8:35  Marine  
  123  8:36  Marauder  
  127  8:43  SCV  
  127  8:44  Marauder, Marine  
  127  8:46  SCV  
  127  8:47  Marine  
  127  8:48  SCV  
  135  8:55  SCV  
  135  8:57  Marauder  
  137  9:06  Marauder, Marine  
  137  9:07  Marine  
  137  9:09  Barracks Reactor  
  141  9:16  Terran Infantry Armor Level 1  
  141  9:17  Supply Depot, Barracks  
  141  9:18  Marine  
  141  9:19  Marauder, SCV  
  145  9:27  Marauder  
  145  9:31  SCV  
  148  9:38  Refinery  
  148  9:40  Marauder  
  148  9:43  SCV  
  148  9:45  Marine x3  
  152  9:46  Marine  
  152  9:49  Marauder  
  157  9:55  Marine  
  157  9:57  Marine  
  159  10:01  Marauder  
  159  10:02  Marine  
  159  10:03  Marine  
  159  10:05  Concussive Shells  
  159  10:06  Barracks Tech Lab  
  163  10:10  Marauder, Barracks  
  163  10:13  Combat Shields  
  164  10:39  Marauder x2, Siege Tank  
  122  11:00  Marauder x2  
  122  11:08  Marine x4  
  122  11:09  Marine x2  
  122  11:11  Widow Mine  
Show
View Real Time Build Order
Export as new Build Order

pupu Protoss 

Build Orders: Nexus First 

Get SALT Encoding   

  12  0:01  Probe (Chrono Boost)  
  13  0:12  Probe (Chrono Boost)  
  14  0:19  Pylon  
  14  0:22  Probe (Chrono Boost)  
  15  0:37  Probe (Chrono Boost)  
  16  0:48  Probe (Chrono Boost)  
  17  1:00  Nexus  
  17  1:11  Gateway  
  17  1:13  Probe (Chrono Boost)  
  18  1:20  Assimilator  
  18  1:24  Probe (Chrono Boost)  
  19  1:30  Assimilator  
  19  1:34  Probe (Chrono Boost)  
  20  1:41  Pylon  
  20  1:45  Probe (Chrono Boost)  
  21  1:56  Probe (Chrono Boost)  
  22  2:03  Cybernetics Core  
  22  2:07  Probe (Chrono Boost)  
  23  2:13  Probe (Chrono Boost)  
  24  2:16  Gateway  
  24  2:21  Probe (Chrono Boost)  
  25  2:29  Zealot  
  27  2:49  Mothership Core (Chrono Boost)  
  27  2:50  Probe (Chrono Boost)  
  28  3:02  Probe (Chrono Boost)  
  29  3:08  Stalker  
  29  3:10  Stalker  
  33  3:20  Pylon  
  33  3:22  Probe (Chrono Boost)  
  33  3:23  Probe (Chrono Boost)  
  35  3:29  Gateway  
  35  3:31  Pylon  
  35  3:33  Probe x2 (Chrono Boost)  
  37  3:52  Warp Gate (Chrono Boost)  
  37  3:54  Stalker  
  39  3:58  Stalker  
  39  3:59  Probe  
  39  4:01  Probe  
  43  4:05  Pylon  
  43  4:08  Gateway  
  43  4:10  Probe  
  43  4:11  Gateway  
  43  4:12  Gateway  
  43  4:13  Probe  
  45  4:20  Probe  
  45  4:21  Stalker  
  48  4:25  Probe  
  48  4:30  Robotics Facility  
  48  4:31  Probe  
  49  4:37  Probe, Pylon  
  51  4:40  Assimilator  
  51  4:42  Probe  
  51  4:43  Pylon  
  52  4:54  Stalker, Pylon  
  52  4:56  Sentry  
  52  4:58  Stalker  
  58  5:05  Adept  
  58  5:06  Zealot x2  
  64  5:07  Probe  
  64  5:09  Probe  
  66  5:19  Probe  
  66  5:21  Probe, Warp Prism  
  70  5:31  Nexus  
  70  5:36  Pylon  
  70  5:39  Probe x2, Pylon  
  72  5:44  Assimilator  
  72  5:51  Probe  
  73  6:01  Twilight Council  
  73  6:02  Immortal  
  77  6:15  Zealot x5  
  77  6:16  Zealot  
  89  6:24  Probe  
  89  6:26  Probe  
  91  6:35  Probe  
  91  6:38  Probe  
  93  6:44  Zealot x3  
  93  6:45  Zealot x2, Gateway  
  93  6:46  Gateway  
  103  6:49  Assimilator  
  101  7:51  Stalker x6  
  91  8:09  Immortal  
  95  8:15  Stalker x4  
  95  8:16  Stalker x4  
  111  8:24  Probe x2  
  111  8:25  Probe  
  114  8:37  Pylon  
  114  8:38  Probe, Gateway  
  115  8:42  Gateway  
  115  8:43  Probe  
  115  8:44  Probe, Gateway  
  115  8:47  Stalker x4  
  125  8:58  Pylon  
  125  8:59  Pylon  
  125  9:06  Gateway, Pylon  
  125  9:07  Gateway  
  125  9:09  Pylon, Gateway  
  125  9:12  Pylon  
  125  9:14  Stalker x2  
  125  9:15  Stalker x2  
  125  9:16  Stalker, Pylon  
  135  9:21  Immortal  
  139  9:42  Nexus  
  139  9:45  Stalker x3  
  145  9:59  Sentry x2  
  149  10:00  Immortal, Sentry x4  
  149  10:06  Stalker x2  
  161  10:26  Zealot x5  
  161  10:27  Zealot x3  
  121  10:47  Zealot x3  
  121  10:48  Zealot x3  
  121  10:49  Zealot  
  59  11:05  Zealot x2  
  59  11:06  Zealot  
  57  11:16  Zealot x3  
  57  11:17  Zealot x2  
  49  11:35  Zealot x3  
  49  11:36  Zealot  
Tags
 
Add a new tag
Caveats
  • Supply blocks, unpowered buildings, or Contaminate may cause inaccurate times.
  • Supply counts are checked every 10 seconds.